 Dungeon Crawl Stone Soup version 0.18-a0-1225-g5d63bca (webtiles) character file.

43 Duffy the Shield-Bearer (level 3, -1/46 HPs)
             Began as a Draconian Fighter on Feb 3, 2016.
             Slain by pedritolo's ghost (2 damage)
             ... on level 3 of the Dungeon.
             The game lasted 00:01:32 (1588 turns).

Duffy the Shield-Bearer (Draconian Fighter)         Turns: 1588, Time: 00:01:32

Health: -1/46      AC:  6    Str: 23    XL:     3   Next: 37%
Magic:  3/3        EV: 10    Int:  8    God:
Gold:   78         SH:  9    Dex: 11    Spells: 0 memorised, 2 levels left

rFire  . . .     SeeInvis .     a - +0 flail
rCold  . . .     Gourm    .     (armour unavailable)
rNeg   . . .     Faith    .     b - +0 shield
rPois  .         Spirit   .     (helmet restricted)
rElec  .         Dismiss  .     s - +0 cloak (curse)
rCorr  .         Reflect  .     (no gloves)
SustAt .         Harm     .     (no boots)
MR     .....                    (no amulet)
Stlth  ..........               (no ring)
                                (no ring)

@: berserking (expiring), lethally poisoned (-1 -> -1), drained, very quick, not
resistant to hostile enchantments, extremely unstealthy
A: unfitting armour, cold-blooded, AC +5
a: no special abilities


You were on level 3 of the Dungeon.
You were not hungry.

You visited 1 branch of the dungeon, and saw 3 of its levels.

You collected 78 gold pieces.


Innate Abilities, Weirdness & Mutations

Your plain brown scales are hard (AC +5).
Your body does not fit into most forms of armour.
You are cold-blooded and may be slowed by cold attacks.


   Skills:
 - Level 3.2(3.0) Fighting
 + Level 2.9(2.6) Maces & Flails
 - Level 2.6(2.4) Dodging
 + Level 3.9(3.6) Shields


You had 2 spell levels left.
You didn't know any spells.

Inventory:

Hand Weapons
 a - a +0 flail (weapon)
Armour
 b - a +0 shield (worn)
 s - a cursed +0 cloak (worn)
Wands
 l - a wand of acid (3/15)
Scrolls
 e - 2 scrolls of identify {unknown}
 f - a scroll of magic mapping {unknown}
 g - a scroll of enchant weapon {unknown}
 h - 2 scrolls of amnesia {unknown}
 i - a scroll of remove curse {unknown}
 j - 2 scrolls of fear {unknown}
 m - a scroll of noise {unknown}
 p - a scroll of fog {unknown}
Potions
 c - a potion of might
 k - a potion of mutation {unknown}
 n - a potion of heal wounds {unknown}
 o - a potion of agility {unknown}
 r - 2 potions of curing
Comestibles
 d - a bread ration

Dungeon Overview and Level Annotations

Branches:
Dungeon (3/15)

Altars:
Dithmenos
Fedhas
Ru
Sif Muna
Xom
Zin

Annotations:
D:3 Jessica; pedritolo's ghost, amateur DsCK


Message History

The angel hits itself with a sacred scourge of holy wrath!
You block the bat's attack.
Jessica casts a spell.
Jessica blinks!
You feel sick. The bat hits you but does no damage.
You hit the bat.
You kill the bat!
Jessica closely misses you. You block Jessica's attack.
Pedritolo's ghost hits you but does no damage.
A red film seems to cover your vision as you go berserk!
You feel yourself moving faster!
You feel mighty! Jessica casts a spell at you. You resist with some effort.
Pedritolo's ghost hits you. Pedritolo's ghost freezes you.
You feel as though you will be slow longer.
You block Jessica's attack.
You feel a strong urge to attack something.
The angel lectures its feet at length about proper burial practise.
You feel sick. Jessica hits you.
Found a dagger and 16 gold pieces.
You hit Jessica.
Jessica is severely wounded.
Jessica drinks a potion.
Jessica is healed!
Jessica mumbles some strange words.
Jessica blinks!
You swing at nothing.
You feel yourself speed up. You block pedritolo's ghost's attack.
Jessica mumbles some strange words.
Jessica blinks!
Your shield prevents you from hitting pedritolo's ghost.
You tail-slap pedritolo's ghost.
Pedritolo's ghost is lightly damaged.
You feel sick. Pedritolo's ghost hits you.
You die...

...$......
.........
.........
........)
#........
#........ #####
#........
.....####@.......
#####..>.W#####.##
.........o....#.#
####...0._...?[#
#...#####...#
#...#A..#...#
#...#.A.#...#
##.@#...#..##
#..#####..#


You could see an angel (confused), pedritolo's ghost, Jessica and an orc.

Action                   || total
-------------------------++-------
Melee: Flail             ||   123
  Eat: Chunk             ||     2

Notes
Turn   | Place    | Note
--------------------------------------------------------------
     0 | D:1      | Duffy the Draconian Fighter began the quest for the Orb.
     0 | D:1      | Reached XP level 1. HP: 19/19 MP: 1/1
    93 | D:2      | Found a blossoming altar of Fedhas.
   106 | D:2      | Found a shadowy altar of Dithmenos.
   317 | D:2      | Reached XP level 2. HP: 21/26 MP: 2/2
   412 | D:2      | Found a sacrificial altar of Ru.
   590 | D:2      | Found a deep blue altar of Sif Muna.
  1073 | D:1      | Reached XP level 3. HP: 31/31 MP: 3/3
  1548 | D:3      | Found a glowing silver altar of Zin.
  1548 | D:3      | Found a shimmering altar of Xom.
  1548 | D:3      | Noticed an angel
  1555 | D:3      | Noticed pedritolo's ghost (amateur DsCK)
  1556 | D:3      | Noticed Jessica
  1588 | D:3      | Slain by pedritolo's ghost

Vault maps used:
D:1:      dpeg_arrival_fog, minmay_shallow_snake_nest
D:2:      fedhas_altar_1, nicolae_overflow_crystal_walls,
          nicolae_dithmenos_through_a_glass_darkly,
          nicolae_ru_the_path_less_chosen
D:3:      grunt_temple_overflow_order_and_chaos_1, amalloy_card_club,
          uniq_jessica

Vanquished Creatures
  A worm
  An orc
  A giant cockroach
  4 goblins
  2 hobgoblins
  4 jackals
  5 ball pythons
  6 bats
  2 giant newts
  6 kobolds
  9 rats
41 creatures vanquished.
